 Dungeon Sprint DCSS version 0.32-a0-355-ged53ad6fd3 (webtiles) character file.

Game seed: 16528546784059452743

15295 Conn the Sage (level 12, -3/72 HPs)
             Began as an Octopode Fire Elementalist on Feb 18, 2024.
             Was a High Priest of Sif Muna.
             Slain by Koshrutee the pandemonium lord (38 damage)
             ... in the Dungeon (Sprint V: "Ziggurat Sprint").
             The game lasted 00:24:12 (1337 turns).

Conn the Sage (Octopode Fire Elementalist)          Turns: 1337, Time: 00:24:13

Health: -3/72      AC:  5    Str: 13      XL:     12   Next: 25%
Magic:  26/35      EV: 14    Int: 33 (34) God:    Sif Muna [*****.]
Gold:   0          SH: 31    Dex: 23      Spells: 4/32 levels left

rFire   + + .        G - staff of the Scorching Gods {rPois rF+ Dex-2 Fire Alchemy}
rCold   + . .        B - +18 shield of the Gong {Loud rN+ Will+ rCorr EV-5}
rNeg    + . .        (helmet restricted)
rPois   +            N - amulet of the acrobat
rElec   +            R - +4 ring of protection
rCorr   +            s - +6 ring of dexterity
SInv    .            t - +6 ring of dexterity
Will    ++...        u - +6 ring of intelligence
Stlth   ++++++       v - +6 ring of intelligence
HPRegen 0.32/turn    P - ring of willpower
MPRegen 0.24/turn    x - +6 ring of strength
                     J - ring of magical power

%: no teleportation, acrobat
@: resistant, hasted, studying 3 skills, invisible, very quick
A: almost no armour, amphibious, 8 rings, camouflage 1, gelatinous body 1,
(nimble swimmer 1), tentacles
a: Renounce Religion, Channel Magic, Forget Spell, Divine Exegesis


You were in the Dungeon.
You worshipped Sif Muna.
Sif Muna was extremely pleased with you.
You visited 1 branch

Inventory:

Hand Weapons
 y - the +6 Majin-Bo {spellvamp, MP+6 Int+6}
   (You found it in the Dungeon)

   Int+6:     It affects your intelligence (+6).
   MP+6:      It affects your magic capacity (+6).
 z - the +27 heavy crossbow "Sniper" {heavy, Acc+∞ SInv}
   (You found it in the Dungeon)

   Acc+∞: It never misses its target.
   SInv:      It lets you see invisible.
 A - the +16 obsidian axe {drain, demonic, Mesm ^Drain Fly SInv}
   (You found it in the Dungeon)

   Mesm:      Its wielder is mesmerised by any visible foes, and it cannot be
   unequipped while any foes are visible.
   SInv:      It lets you see invisible.
   Fly:       It grants you flight.
   ^Drain:    It drains your maximum health when unequipped.
 C - the +7 great mace "Firestarter" {flame, immolate, rFlCloud rF++}
   (You found it in the Dungeon)

   rFlCloud:  It grants immunity to clouds of flame.
   rF++:      It greatly protects you from fire.
 E - the +8 demon blade "Leech" {evervamp, Harm ^Drain rN+}
   (You found it in the Dungeon)

   rN+:       It protects you from negative energy.
   ^Drain:    It drains your maximum health when unequipped.
   Harm:      It increases damage dealt and taken.
 M - the +8 war axe "Buohila" {freeze, *Corrode Fly rElec SInv}
   (You found it in the Dungeon)

   rElec:     It insulates you from electricity.
   SInv:      It lets you see invisible.
   Fly:       It grants you flight.
   *Corrode:  It may corrode you when you take damage.
Armour
 B - the +18 shield of the Gong (worn) {Loud rN+ Will+ rCorr EV-5}
   (You found it in the Dungeon)

   Loud:      It is deafeningly noisy when blocking attacks.
   EV-5:      It affects your evasion (-5).
   rN+:       It protects you from negative energy.
   Will+:     It increases your willpower.
   rCorr:     It protects you from acid and corrosion.
 D - a +3 buckler
Magical Staves
 G - the staff of the Scorching Gods (weapon) {rPois rF+ Dex-2 Fire Alchemy}
   (You found it in the Dungeon)

   [staff of alchemy]

   Base accuracy: +5 Base damage: 5 Base attack delay: 1.2 This weapon's minimum
   attack delay (0.6) is reached at skill level 12.
   Dex-2:     It affects your dexterity (-2).
   rF+:       It protects you from fire.
   rPois:     It protects you from poison Fire: It increases the power of your
   Fire spells.
   Alchemy:   It increases the power of your Alchemy spells.
   It falls into the 'Staves' category.
   It is a one-tentacled weapon.
 L - a staff of conjuration
Jewellery
 r - a ring of flight
 s - a +6 ring of dexterity (right tentacle)
 t - a +6 ring of dexterity (on tentacle)
 u - a +6 ring of intelligence (on tentacle)
 v - a +6 ring of intelligence (on tentacle)
 w - a +6 ring of strength
 x - a +6 ring of strength (on tentacle)
 J - a ring of magical power (on tentacle)
 N - an amulet of the acrobat (around mantle)
 P - a ring of willpower (on tentacle)
 R - a +4 ring of protection (left tentacle)
 S - a ring of positive energy
 T - the ring "Utiuck" {Ice Int+3 Dex+3}
   (You found it in the Dungeon)

   [ring of ice]

   Ice:       It enhances your ice magic.
   Int+3:     It affects your intelligence (+3).
   Dex+3:     It affects your dexterity (+3).
   rF-:       It makes you vulnerable to fire.
   rC+:       It protects you from cold.
 V - an amulet of guardian spirit
Wands
 p - a wand of mindburst (7)
 q - a wand of acid (9)
 I - a wand of flame (30)
 K - a wand of digging (11)
 O - a wand of charming (11)
 Q - a wand of roots (1)
 U - a wand of polymorph (6)
Scrolls
 f - 3 scrolls of blinking
 l - 3 scrolls of amnesia
 m - 6 scrolls of fog
 n - 5 scrolls of identify
 o - a scroll of fear
Potions
 a - 7 potions of magic
 b - 10 potions of curing
 c - 6 potions of heal wounds
 d - 4 potions of haste
 e - 3 potions of berserk rage
 g - 2 potions of brilliance
 h - a potion of invisibility
 i - 3 potions of resistance
 k - 5 potions of might
Miscellaneous
 F - a lightning rod (4/4)
 H - a phial of floods


   Skills:
 + Level 2.8 Fighting
 + Level 8.8 Dodging
 - Level 10.7 Stealth
 * Level 9.1 Shields
 * Level 10.9 Spellcasting
 * Level 11.8 Conjurations
 - Level 5.4 Hexes
 + Level 3.3 Summonings
 + Level 10.1 Fire Magic
 + Level 4.0 Earth Magic
 - Level 3.0 Alchemy
 * Level 12.6 Invocations


You had 4 spell levels left.
You knew the following spells:

 Your Spells              Type           Power      Damage    Failure   Level
a - Foxfire               Conj/Fire      100%       2x1d9     1%          1
b - Scorch                Fire           100%       2d9       1%          2
c - Inner Flame           Hex/Fire       81%        N/A       1%          3
d - Flame Wave            Conj/Fire      94%        2d20      1%          4
e - Brom's Barrelling Bo  Conj/Erth      63%        2d8       2%          4
f - Iskenderun's Mystic   Conj/Tloc      55%        2d12      6%          4
g - Irradiate             Conj/Alch      39%        3d24      9%          5
h - Fireball              Conj/Fire      47%        3d19      1%          5

Your spell library contained the following spells:

 Spells                   Type           Power      Damage    Failure   Level
 Kiss of Death            Conj/Necr      100%       2d13      1%          1
 Magic Dart               Conj           100%       1d8       1%          1
 Momentum Strike          Conj/Tloc      100%       3d10      1%          2
 Searing Ray              Conj           100%       2d8       1%          2
 Static Discharge         Conj/Air       100%       3-8/arc   1%          2
 Confusing Touch          Hex            52%        N/A       1%          3
 Stone Arrow              Conj/Erth      100%       3d13      1%          3
 Tukima's Dance           Hex            52%        N/A       1%          3
 Mephitic Cloud           Conj/Alch/Air  66%        N/A       2%          3
 Volatile Blastmotes      Fire/Tloc      100%       2d18      2%          3
 Fulminant Prism          Conj/Alch      39%        3d18      3%          4
 Call Canine Familiar     Summ           40%        N/A       4%          3
 Petrify                  Alch/Erth      58%        N/A       16%         4
 Olgreb's Toxic Radiance  Alch           54%        N/A       19%         4
 Dimensional Bullseye     Hex/Tloc       18%        N/A       22%         4
 Animate Dead             Necr           18%        N/A       54%         4
 Dispel Undead            Necr           18%        3d11      54%         4
 Iskenderun's Battlesphe  Conj           77%        2d13      1%          5
 Starburst                Conj/Fire      47%        6d13      11%         6
 Orb of Destruction       Conj           38%        9d11      38%         7
 Borgnjor's Vile Clutch   Necr/Erth      15%        N/A       61%         5
 Conjure Ball Lightning   Conj/Air       27%        3x3d8     65%         6
 Spellforged Servitor     Conj/Summ      31%        N/A       94%         7
 Death Channel            Necr           9%         N/A       100%        6
 Malign Gateway           Summ/Tloc      14%        N/A       100%        7
 Lehudib's Crystal Spear  Conj/Erth      31%        10d8      100%        8
 Summon Horrible Things   Summ           20%        N/A       100%        8
 Chain Lightning          Conj/Air       27%        3d36      100%        9
 Animate Armour           Summ/Erth      Unusable   N/A       N/A         4

Dungeon Overview and Level Annotations

Branches:
Dungeon (1/1)

Altars:
Ashenzari
Cheibriados
Dithmenos
Elyvilon
Fedhas
Gozag
Hepliaklqana
Kikubaaqudgha
Makhleb
Nemelex Xobeh
Okawaru
Qazlal
Ru
Sif Muna
Trog
Uskayaw
Vehumet
Wu Jian
Xom
Yredelemnul
Zin
The Shining One
Beogh
Jiyva
Lugonu


Innate Abilities, Weirdness & Mutations

You cannot wear most types of armour.
You are amphibious.
You can wear up to eight rings at the same time.
Your skin changes colour to match your surroundings (Stealth+).
Your rubbery body absorbs attacks. (AC +1, EV +1)
((You are camouflaged when in or above water. (Stealth+)))
You have tentacles for arms and can constrict up to eight enemies at once.


Message History

The mystic blast hits the hellephant!
The hellephant is moderately wounded.
The mystic blast hits Koshrutee.
Koshrutee is moderately wounded.
The mystic blast hits Lapaxo!!
Lapaxo is moderately wounded.
Lapaxo is knocked back by the mystic blast.
Lapaxo collides with Rusisom!
Rusisom is lightly wounded.
Lapaxo is moderately wounded.
Lapaxo hits you!!
You feel your power leaking away.
The blizzard demon waves its arms in wide circles.
* * * LOW HITPOINT WARNING * * *
You feel much better. You block Rusisom's attack.
GONNNNG!
Lapaxo sneers, "Scamper hence, thou unhinged folly-fallen boar-pig!"
Lapaxo hits you!!
* * * LOW HITPOINT WARNING * * *
Okay, then.
Unknown command.
Unknown command.
Unknown command.
Unknown command.
Blink to where?
Press: ? - help, Dir - move target You can't see that place. [Stash: a wand of flame (11)] [the floor.]
Okay, then.
Okay, then.
You feel much better. Rusisom misses you. You block Koshrutee's attack.
PTOANNNG!
You block Lapaxo's attack.
BOUMMMMG!
Magic courses through your body. You block Rusisom's attack.
BONNNG!
Koshrutee hits you!!!
Ouch! That really hurt!
You die...

▓..).|.[..▓....)
▓../|[4|..▓..):)|...▓....)
▓.......°.▓.........▓.....
▓.....°3§.▓.........▓.....
▓....32§○.▓.........▓.....
▓....§.○§§▓.........▓.....
▓.....3234▓.........▓.▓...
▓...XY§{&&▓.........▓....©
▓...X&§§&@▓....©....▓▓▓▓▓▓
▓▓▓▓▓▓▓▓▓▓▓▓▓▓▓▓▓▓▓▓▓


You could see Koshrutee (clouds), Lapaxo, Rusisom, a blizzard demon, a smoke
demon (wandering, unable to see you) and a red devil (unable to see you).

Vanquished Creatures
  A deep elf knight (D)
  A shadow wraith (D)
  A large abomination (D)
  3 deep elf pyromancers (D)
  2 deep elf zephyrmancers (D)
  An eye of devastation (D)
  A troll (D)
  2 tarantellas (D)
  2 glass eyes (D)
  4 slime creatures (D)
  2 spriggans (D)
  A ynoxinul (D)
  2 basilisks (D)
  A chaos spawn (D)
  2 small abominations (D)
  2 water moccasins (D)
  A black bear (D)
  An ogre (D)
  2 wolves (D)
  2 phantoms (D)
  A scorpion (D)
  A wight (D)
  A crimson imp (D)
  6 jellies (D)
  A quasit (D)
  2 iron imps (D)
  2 river rats (D)
  3 shadow imps (D)
  2 white imps (D)
  An adder skeleton (D)
  2 endoplasms (D)
  A ball python skeleton (D)
  3 ball python zombies (D)
  2 giant cockroach zombies (D)
  A jackal zombie (D)
  A quokka zombie (D)
  A boulder (D)
65 creatures vanquished.

Vanquished Creatures (collateral kills)
  A sun demon (D)
  A ball lightning (D)
  A boulder (D)
3 creatures vanquished.

Vanquished Creatures (others)
  An eldritch tentacle (D)
  A neqoxec (D)
  A ball lightning (D)
  A boulder (D)
  10 foxfires (D)
14 creatures vanquished.

Grand Total: 82 creatures vanquished

Notes
Turn   | Place    | Note
-------+----------+-------------------------------------------
     0 | D        | Conn the Octopode Fire Elementalist began the quest for the
                  | Orb.
     0 | D        | Reached XP level 1. HP: 11/11 MP: 3/3
     0 | D        | Found a shimmering blue altar of Sif Muna.
     0 | D        | Found a bloodstained altar of Trog.
     0 | D        | Found a sacrificial altar of Ru.
     0 | D        | Found a stormy altar of Qazlal.
     0 | D        | Found an iron altar of Okawaru.
     1 | D        | Found a sparkling altar of Nemelex Xobeh.
     1 | D        | Found a blossoming altar of Fedhas.
     1 | D        | Found the +6 Majin-Bo {spellvamp, MP+6 Int+6}
     1 | D        | Found the +27 heavy crossbow "Sniper" {heavy, Acc+∞ SInv}
     1 | D        | Found the +10 dark maul {heavy}
     1 | D        | Found the +15 Maxwell's patent armour {-Cast -Tele rElec
                  | Will+ rCorr}
     1 | D        | Found the +18 shield of the Gong {Loud rN+ Will+ rCorr
                  | EV-5}
     1 | D        | Found the +16 obsidian axe {drain, demonic, Mesm ^Drain Fly
                  | SInv}
     1 | D        | Found the +7 great mace "Firestarter" {flame, immolate,
                  | rFlCloud rF++}
     1 | D        | Found the +6 shillelagh "Devastator" {shatter}
     1 | D        | Found the +11 plutonium sword {^Contam Stlth-}
     1 | D        | Found the +8 lance "Wyrmbane" {slay drac, rPois rF+ rC+
                  | AC+3}
     1 | D        | Found the +9 sword of Zonguldrok {reap}
     1 | D        | Found the +13 scythe of Curses {drain, curses, ^Drain}
     1 | D        | Found the +9 sword of Power {lifebolt}
     1 | D        | Found the +7 mace of Variability {chaos, chaos arc}
     1 | D        | Found the +11 Singing Sword {sonic wave}
     1 | D        | Found the +8 storm bow {elec, penet}
     3 | D        | Found a transporter.
     3 | D        | Found an ancient bone altar of Kikubaaqudgha.
     3 | D        | Found a viscous altar of Jiyva.
     3 | D        | Found a corrupted altar of Lugonu.
     3 | D        | Found a hazy altar of Hepliaklqana.
     3 | D        | Found a burning altar of Makhleb.
     3 | D        | Found an opulent altar of Gozag.
    52 | D        | Became a worshipper of Sif Muna the Loreminder
   153 | D        | Entered arena 2.
   153 | D        | Noticed an ogre
   153 | D        | Noticed a troll
   153 | D        | Found a transporter.
   160 | D        | Killed a troll
   161 | D        | Reached skill level 5 in Spellcasting
   161 | D        | Reached skill level 5 in Conjurations
   161 | D        | Reached skill level 5 in Invocations
   161 | D        | Reached XP level 2. HP: 17/17 MP: 8/8
   161 | D        | Reached XP level 3. HP: 21/21 MP: 9/9
   161 | D        | Reached XP level 4. HP: 27/27 MP: 11/11
   161 | D        | Reached XP level 5. HP: 31/31 MP: 11/12
   165 | D        | Killed an ogre
   166 | D        | Reached skill level 5 in Fire Magic
   166 | D        | Reached skill level 6 in Invocations
   166 | D        | Reached XP level 6. HP: 36/36 MP: 8/14
   236 | D        | Learned a level 2 spell: Scorch
   240 | D        | Learned a level 3 spell: Inner Flame
   245 | D        | Learned a level 4 spell: Flame Wave
   257 | D        | Entered arena 3.
   257 | D        | Found the +8 demon blade "Leech" {evervamp, Harm ^Drain
                  | rN+}
   257 | D        | Noticed a tarantella
   257 | D        | Noticed a tarantella
   257 | D        | Found a transporter.
   263 | D        | Killed a tarantella
   263 | D        | Reached * piety under Sif Muna
   263 | D        | Killed a tarantella
   264 | D        | Reached skill level 5 in Dodging
   264 | D        | Reached skill level 8 in Invocations
   264 | D        | Reached XP level 7. HP: 41/41 MP: 10/17
   350 | D        | Entered arena 4.
   350 | D        | Found a transporter.
   352 | D        | Reached ** piety under Sif Muna
   358 | D        | Reached skill level 1 in Shields
   364 | D        | Got the staff of the Scorching Gods {rPois rF+ Dex-2 Fire
                  | Alchemy}
   437 | D        | Entered arena 5.
   437 | D        | Noticed a spriggan
   437 | D        | Noticed a spriggan
   437 | D        | Found a transporter.
   439 | D        | Killed a spriggan
   439 | D        | Reached *** piety under Sif Muna
   440 | D        | Reached XP level 8. HP: 46/46 MP: 12/19
   442 | D        | Killed a spriggan
   443 | D        | Reached skill level 5 in Hexes
   556 | D        | Entered arena 6.
   556 | D        | Found a transporter.
   561 | D        | Reached **** piety under Sif Muna
   567 | D        | Reached skill level 9 in Invocations
   569 | D        | Reached ***** piety under Sif Muna
   579 | D        | Got the +8 war axe "Buohila" {freeze, *Corrode Fly rElec
                  | SInv}
   594 | D        | Entered arena 7.
   594 | D        | Noticed a deep elf pyromancer
   594 | D        | Noticed a deep elf pyromancer
   594 | D        | Noticed a deep elf pyromancer
   594 | D        | Noticed a deep elf zephyrmancer
   594 | D        | Noticed a deep elf zephyrmancer
   594 | D        | Noticed a deep elf knight
   598 | D        | Killed a deep elf knight
   598 | D        | Killed a deep elf zephyrmancer
   598 | D        | Killed a deep elf pyromancer
   598 | D        | Received a gift from Sif Muna
   599 | D        | Reached skill level 10 in Stealth
   599 | D        | Reached skill level 10 in Invocations
   599 | D        | Reached XP level 9. HP: 51/51 MP: 22/22
   599 | D        | Killed a deep elf zephyrmancer
   600 | D        | Reached skill level 10 in Conjurations
   602 | D        | Killed a deep elf pyromancer
   603 | D        | Reached skill level 11 in Invocations
   603 | D        | Reached XP level 10. HP: 33/56 MP: 18/23
   605 | D        | Killed a deep elf pyromancer
   608 | D        | Got Sif Muna's Treatise on Assembling and Impulse {god
                  | gift}
   614 | D        | Learned a level 4 spell: Brom's Barrelling Boulder
   618 | D        | Learned a level 3 spell: Call Canine Familiar
   624 | D        | Learned a level 5 spell: Irradiate
   624 | D        | Found a transporter.
   735 | D        | Entered arena 8.
   741 | D        | Found a transporter.
   744 | D        | Reached skill level 10 in Spellcasting
   744 | D        | Reached skill level 1 in Alchemy
   747 | D        | Reached skill level 1 in Summonings
   747 | D        | Reached skill level 1 in Earth Magic
   748 | D        | Received a gift from Sif Muna
   751 | D        | Got Sif Muna's Lessons on the Variable Shot {god gift}
   758 | D        | Learned a level 5 spell: Fireball
   862 | D        | Entered arena 9.
   871 | D        | Found a transporter.
   976 | D        | Entered arena 10.
   977 | D        | Found a transporter.
   978 | D        | Received a gift from Sif Muna
  1047 | D        | Entered arena 11.
  1047 | D        | Noticed an eye of devastation
  1048 | D        | Found a transporter.
  1053 | D        | Reached ****** piety under Sif Muna
  1053 | D        | Killed an eye of devastation
  1053 | D        | Received a gift from Sif Muna
  1054 | D        | Reached skill level 1 in Fighting
  1054 | D        | Reached skill level 12 in Invocations
  1177 | D        | Got the ring "Utiuck" {Ice Int+3 Dex+3}
  1184 | D        | Entered arena 12.
  1184 | D        | Noticed a large abomination
  1186 | D        | Received a gift from Sif Muna
  1188 | D        | Reached XP level 11. HP: 63/63 MP: 23/25
  1188 | D        | Killed a large abomination
  1188 | D        | Killed a shadow wraith
  1191 | D        | Received a gift from Sif Muna
  1194 | D        | Got Sif Muna's Folio of Scintillating Erosion {god gift}
  1200 | D        | Learned a level 4 spell: Iskenderun's Mystic Blast
  1200 | D        | Found a transporter.
  1317 | D        | Entered arena 13.
  1317 | D        | Noticed a sun demon
  1317 | D        | Noticed Lapaxo the pandemonium lord
  1317 | D        | Noticed a hellephant
  1317 | D        | Noticed Koshrutee the pandemonium lord
  1320 | D        | Reached skill level 10 in Fire Magic
  1320 | D        | Reached XP level 12. HP: 72/72 MP: 26/26
  1321 | D        | Noticed Deonoib the pandemonium lord
  1322 | D        | Noticed Rusisom the pandemonium lord
  1325 | D        | Noticed a blizzard demon
  1327 | D        | Killed a sun demon
  1337 | D        | Slain by Koshrutee the pandemonium lord

Illustrated notes

Levels and vault maps discovered:
D:        sprint_v [room_start, room_1, room_2, room_3, room_4, room_5, room_6,
          room_7, room_8, room_9, room_10, room_11, room_12, room_13, room_14,
          room_15, room_16, room_17, room_18, room_19, room_20, room_21,
          room_22, room_23, room_24, room_25, room_26, room_27]

Skill      XL: |  1  2  3  4  5  6  7  8  9 10 11 12 |
---------------+-------------------------------------+-----
Dodging        | 4 5 6 7 8 |  8.8
Stealth        | 6 7 8 10 | 10.7
Spellcasting   | 5 7 9 10 | 10.9
Conjurations   | 5 6 7 9 10 11 | 11.8
Fire Magic     | 4 5 6 7 8 10 | 10.1
Invocations    | 5 6 8 10 11 12 | 12.6
Hexes          | 4 5 |  5.4
Shields        | 2 6 8 9 |  9.1
Alchemy        | 2 3 |  3.0
Summonings     | 2 3 |  3.3
Earth Magic    | 2 3 4 |  4.0
Fighting       | 1 2 |  2.8

Action                     |  1- 3 |  4- 6 |  7- 9 | 10-12 || total
---------------------------+-------+-------+-------+-------++-------
  Melee: Bo                |       |     1 |       |       ||     1
         Staff             |       |       |    11 |     4 ||    15
         Constrict         |       |       |     4 |     1 ||     5
         Tentacles         |       |       |     3 |     2 ||     5
   Cast: Foxfire           |       |     3 |       |     4 ||     7
         Scorch            |       |     3 |     9 |     8 ||    20
         Inner Flame       |       |     1 |     4 |     5 ||    10
         Flame Wave        |       |       |     2 |     3 ||     5
         Fireball          |       |       |       |    11 ||    11
         Brom's Barrelling |       |       |       |     3 ||     3
         Iskenderun's Myst |       |       |       |     5 ||     5
         Summon Horrible T |       |       |       |     1 ||     1
         Malign Gateway    |       |       |       |     1 ||     1
 Invoke: Divine Exegesis   |       |       |       |     2 ||     2
  Evoke: Wand              |     4 |     1 |       |       ||     5
         Lightning rod     |       |       |     3 |       ||     3
    Use: Scroll            |     1 |       |       |     3 ||     4
         Potion            |       |     1 |       |     9 ||    10
 Armour: Skin              |       |       |     2 |     9 ||    11
  Dodge: Dodged            |       |       |     4 |     7 ||    11
  Block: Kite shield       |       |     1 |    23 |    29 ||    53

Table legend: (Time is in decaauts)
 A = Elapsed time spent in this place.
 B = Non-inter-level travel time spent in this place.
 C = Inter-level travel time spent in this place.
 D = Time resting spent in this place.
 E = Time spent auto-exploring this place.
 F = Levels seen in this place.
 G = Mean time per level.
                   A        B        C        D        E       F      G
               +--------+--------+--------+--------+--------+-----+--------+
         Total |   1311 |   1311 |      0 |    816 |      0 |   1 | 1311.0 |
       Dungeon |   1311 |   1311 |      0 |    816 |      0 |   1 | 1311.0 |
               +--------+--------+--------+--------+--------+-----+--------+

Top non-repeatable levels by time:
       D: 1311 daAuts
